 Dungeon Crawl Stone Soup version 0.21.1-1-g345015f (webtiles) character file.

14888 poirepourri the Cleaver (level 11, -7/97 HPs)
             Began as a Deep Dwarf Fighter on July 21, 2018.
             Was an Elder of Makhleb.
             Shot with an arrow by a centaur warrior (11 damage)
             ... on level 13 of the Dungeon.
             The game lasted 00:18:52 (11209 turns).

poirepourri the Cleaver (Deep Dwarf Fighter)       Turns: 11209, Time: 00:18:53

Health: -7/97      AC: 15    Str: 20    XL:     11   Next: 94%
Magic:  6/6        EV: 17    Int: 13    God:    Makhleb [****..]
Gold:   1047       SH: 13    Dex: 19    Spells: 10/10 levels left

rFire    + . .     SeeInvis +   a - +3 war axe
rCold    . . .     Gourm    .   c - +1 shield
rNeg     . . .     Faith    .   J - +4 ring mail
rPois    +         Spirit   .   q - +1 helmet {SInv}
rElec    .         Reflect  .   H - +0 cloak
rCorr    .         Harm     .   h - +0 pair of gloves
MR       +....                  D - +0 pair of boots
Stlth    ++........             (no amulet)
HPRegen  0.00/turn              G - ring of the Death Scarab {rPois rF+ Int+4 Stlth+}
MPRegen  0.10/turn              l - +4 ring of dexterity

@: non-regenerating
A: damage resistance, heal wounds, sense surroundings 2, no regeneration
a: Heal Wounds, Minor Destruction, Lesser Servant of Makhleb, Major Destruction,
Renounce Religion


You were on level 13 of the Dungeon.
You worshipped Makhleb.
Makhleb was greatly pleased with you.
You were not hungry.

You visited 2 branches of the dungeon, and saw 14 of its levels.
You also visited: Sewer.

You collected 1047 gold pieces.

Inventory:

Hand Weapons
 a - a +3 war axe (weapon)
 b - a -1 hunting sling
 i - a +3 blowgun
 u - the +9 mace of Jauffil {flame, *Slow +Rage rF+}
   (You found it on level 8 of the Dungeon)

   It has been specially enchanted to burn those struck by it, causing extra
   injury to most foes and up to half again as much damage against particularly
   susceptible opponents.
   It protects you from fire.
   It lets you go berserk.
   It may slow you when you take damage.
Missiles
 d - 8 tomahawks (quivered)
 g - 128 bolts
 v - 105 sling bullets
 C - 11 poisoned needles
Armour
 c - a +1 shield (worn)
 h - a +0 pair of gloves (worn)
 q - a +1 helmet of see invisible (worn)
 D - a +0 pair of boots (worn)
 H - a +0 cloak (worn)
 J - a +4 ring mail (worn)
Jewellery
 l - a +4 ring of dexterity (right hand)
 n - an uncursed ring of stealth
 t - an uncursed ring of wizardry
 x - a +2 ring of intelligence
 F - an uncursed ring of resist corrosion
 G - the ring of the Death Scarab (left hand) {rPois rF+ Int+4 Stlth+}
   (You found it on level 11 of the Dungeon)

   [ring of protection from fire]

   It affects your intelligence (+4).
   It protects you from fire.
   It protects you from poison.
   It makes you more stealthy.
Wands
 m - a wand of digging (4)
 o - a wand of random effects (40)
 z - a wand of flame (27)
 K - a wand of iceblast (5)
Scrolls
 e - a scroll of amnesia
 s - 4 scrolls of teleportation
 w - 4 scrolls of remove curse
 y - 2 scrolls of identify
 E - a scroll of fog
 L - a scroll of magic mapping
Potions
 j - 2 potions of resistance
 p - 3 potions of brilliance
 r - 2 potions of ambrosia
 A - a potion of cancellation
 B - 2 potions of flight
 I - a potion of lignification
Comestibles
 f - 13 rations


   Skills:
 - Level 5.6 Fighting
 + Level 14.8 Axes
 - Level 3.2 Armour
 - Level 9.3 Dodging
 - Level 10.3 Shields


You had 10 spell levels left.
You didn't know any spells.

Dungeon Overview and Level Annotations

Branches:
Dungeon (13/15)            Temple (1/1) D:4             Orc (0/2) D:10
   Lair: D:8-11      Vaults: D:13-14

Altars:
Ashenzari
Cheibriados
Dithmenos
Elyvilon
Fedhas
Gozag
Hepliaklqana
Kikubaaqudgha
Makhleb
Nemelex Xobeh
Okawaru
Qazlal
Ru
Sif Muna
Trog
Uskayaw
Vehumet
Wu Jian
Xom
Yredelemnul
Zin
The Shining One

Shops:
D:7 }

Portals:
Trove: D:11 (give 6 potions of agility)

Annotations:
D:3 Terence
D:13 Ymberto's ghost, journeyman DEFE


Innate Abilities, Weirdness & Mutations

You are resistant to damage.
You can heal yourself by infusing magical energy.
You passively map the area around you.
You do not regenerate.


Message History

You hear a roar!
You hit the white ugly thing.
The white ugly thing is severely wounded.
The centaur warrior shoots an arrow.
You block the arrow.
You hit the white ugly thing.
The white ugly thing is almost dead.
You block the white ugly thing's attack.
An acid dragon comes into view.
You barely miss the white ugly thing.
The white ugly thing is almost dead.
The white ugly thing pecks you! The white ugly thing freezes you!!
* * * LOW HITPOINT WARNING * * *
The centaur warrior shoots an arrow.
The arrow hits you!
* * * LOW HITPOINT WARNING * * *
You slash the white ugly thing!
You kill the white ugly thing!
Makhleb accepts your kill.
The acid dragon moves out of view.
The centaur warrior shoots an arrow.
The arrow hits you!
You die...

, , *###### #..#
####..##.#.. *
*#.....##..######..##.###
, ...........'..........#
,, ,
...........#..........# *
,,
....).##..######.....## ,
* ###... #..##?.########
* , *###...##.(.....# , ,
,...............# ,,
,.......@.......# ,
,......##..##.###* ,>,
...... #..# +# , ** ...c.
...)., , * .... .$.... ,
* , .... ....)...., * , ,
. ...%..... ,,,
.##..##.## * , * * ,


You could see a centaur warrior.

Vanquished Creatures
  Erolcha (D:13)
  2 two-headed ogres
  2 ugly things
  A cyclops (D:11)
  A manticore (D:12)
  Joseph (D:10)
  2 trolls
  The ghost of wistyy the Archer, an amateur CeHu (D:4)
  Grinder (D:6)
  Prince Ribbit (D:9)
  A hornet (D:12)
  2 hippogriffs
  3 yaks (D:13)
  4 hogs (D:8)
  A vampire (D:11)
  3 wyverns
  A human (D:8)
  4 hungry ghosts
  A basilisk (shapeshifter) (D:13)
  An acid dragon (D:12)
  A water moccasin (D:12)
  7 orc warriors
  5 ice beasts
  4 sky beasts
  3 eyes of draining (D:4)
  A black bear (D:7)
  A phantom (D:10)
  4 wolves (D:10)
  10 ogres
  3 centaurs
  5 big kobolds
  A wyvern zombie (D:11)
  5 bullfrogs
  6 scorpions
  A water moccasin skeleton (D:6)
  4 wights (D:12)
  4 crimson imps
  2 howler monkeys (D:7)
  A centaur zombie (D:5)
  11 hounds
  3 jellies
  3 bullfrog zombies (D:8)
  2 centaur skeletons
  11 orc priests
  3 bullfrog skeletons
  5 iguanas
  14 orc wizards
  13 worker ants
  A hound skeleton (D:10)
  2 worker ant zombies
  11 gnolls
  12 adders
  A river rat (D:4)
  A shadow imp (D:5)
  2 oozes (Sewer)
  An adder zombie (D:7)
  5 adder skeletons
  2 worms
  A dart slug (D:1)
  9 leopard geckos
  53 orcs
  4 giant cockroaches
  10 goblins
  7 hobgoblins
  18 jackals
  28 kobolds
  4 quokkas
  5 ball pythons
  8 bats
  8 frilled lizards
  A jackal skeleton (D:8)
  A jackal zombie (D:7)
  A leopard gecko zombie (D:5)
  A quokka skeleton (D:4)
  6 rats
370 creatures vanquished.

Notes
Turn   | Place    | Note
-------+----------+-------------------------------------------
     0 | D:1      | poirepourri the Deep Dwarf Fighter began the quest for the Orb.
     0 | D:1      | Reached XP level 1. HP: 20/20 MP: 1/1
   239 | D:1      | Reached skill level 3 in Axes
   279 | D:1      | Reached XP level 2. HP: 25/27 MP: 2/2
   690 | D:2      | Reached skill level 4 in Axes
   690 | D:2      | Reached XP level 3. HP: 21/33 MP: 3/3
   739 | D:2      | Reached skill level 5 in Axes
   739 | D:2      | Reached XP level 4. HP: 22/40 MP: 4/4
   801 | D:2      | HP: 1/40 [cloud of flame (12)]
  1091 | D:2      | Found a deep blue altar of Sif Muna.
  1170 | D:3      | Reached XP level 5. HP: 25/46 MP: 4/4
  1294 | D:3      | Reached skill level 6 in Axes
  1303 | D:3      | Noticed Terence
  1471 | D:3      | HP: 1/46 [orc/whip (4)]
  2002 | D:4      | Found a staircase to the Ecumenical Temple.
  2009 | Temple   | Entered the Ecumenical Temple
  2310 | D:4      | Reached skill level 7 in Axes
  2310 | D:4      | Reached XP level 6. HP: 51/55 MP: 5/5
  2497 | D:4      | Noticed wistyy's ghost (amateur CeHu)
  2510 | D:4      | Killed wistyy's ghost
  2510 | D:4      | Reached skill level 5 in Fighting
  2510 | D:4      | Reached XP level 7. HP: 37/68 MP: 5/5
  2560 | D:4      | Reached skill level 1 in Dodging
  2688 | D:4      | Found a glowing drain.
  2712 | Sewer    | Entered a sewer
  2911 | Sewer    | Reached XP level 8. HP: 46/76 MP: 5/5
  2984 | D:4      | Found a bloodstained altar of Trog.
  3006 | D:4      | Reached skill level 5 in Dodging
  3064 | D:5      | Entered Level 5 of the Dungeon
  3175 | D:5      | Found a white marble altar of Elyvilon.
  3401 | D:5      | Found a shattered altar of Ashenzari.
  3973 | D:6      | Noticed Grinder
  3986 | D:6      | Killed Grinder
  3986 | D:6      | Gained mutation: You passively map the area around you. [Deep Dwarf growth]
  3986 | D:6      | Reached XP level 9. HP: 43/82 MP: 6/6
  4390 | D:6      | Reached skill level 5 in Shields
  5117 | D:7      | Found Ycsozu's Gadget Shoppe.
  5255 | D:7      | Found an opulent altar of Gozag.
  5255 | D:7      | Found a glowing silver altar of Zin.
  5882 | D:8      | Reached XP level 10. HP: 31/91 MP: 6/6
  6085 | D:8      | Reached skill level 10 in Shields
  6238 | D:8      | Got a pitted mace
  6239 | D:8      | Identified the +9 mace of Jauffil {flame, *Slow +Rage rF+} (You found it on level 8 of the Dungeon)
  6409 | D:8      | Found a radiant altar of Vehumet.
  6411 | D:8      | Found a burning altar of Makhleb.
  6420 | D:8      | Became a worshipper of Makhleb the Destroyer
  6623 | D:8      | Reached skill level 8 in Axes
  6668 | D:8      | You fall through a shaft for 2 floors!
  6668 | D:10     | Entered Level 10 of the Dungeon
  6784 | D:10     | Found a staircase to the Orcish Mines.
  6855 | D:10     | Noticed a two-headed ogre
  6862 | D:10     | Killed a two-headed ogre
  6862 | D:10     | Reached skill level 9 in Axes
  6958 | D:10     | Reached skill level 10 in Axes
  6962 | D:10     | Reached * piety under Makhleb
  7102 | D:10     | Noticed Joseph
  7130 | D:10     | Killed Joseph
  7130 | D:10     | Reached skill level 11 in Axes
  7198 | D:11     | Found a frozen archway.
  7210 | D:11     | Reached XP level 11. HP: 54/97 MP: 6/6
  7344 | D:11     | Got a faintly glowing amber ring
  7413 | D:11     | Reached ** piety under Makhleb
  7684 | D:11     | Reached skill level 12 in Axes
  7911 | D:11     | Identified the ring of the Death Scarab {rPois rF+ Int+4 Stlth+} (You found it on level 11 of the Dungeon)
  7961 | D:11     | Found a portal to a secret trove of treasure.
  8418 | D:12     | Noticed a two-headed ogre
  8429 | D:12     | Killed a two-headed ogre
  8528 | D:12     | Reached skill level 13 in Axes
  8733 | D:12     | Noticed a purple ugly thing
  8750 | D:12     | Killed a purple ugly thing
  9545 | D:9      | Found a sparkling altar of Nemelex Xobeh.
  9547 | D:9      | Found a stormy altar of Qazlal.
  9547 | D:9      | Found a shadowy altar of Dithmenos.
  9549 | D:9      | Noticed Prince Ribbit
  9586 | D:9      | Killed Prince Ribbit
  9611 | D:9      | Reached *** piety under Makhleb
  9830 | D:9      | Reached skill level 14 in Axes
 10490 | D:5      | Found an ornate altar of the Wu Jian Council.
 11024 | D:13     | Noticed Erolcha
 11035 | D:13     | Killed Erolcha
 11176 | D:13     | Reached **** piety under Makhleb
 11187 | D:13     | Noticed a white ugly thing
 11196 | D:13     | Noticed a centaur warrior
 11200 | D:13     | Noticed Ymberto's ghost (journeyman DEFE)
 11208 | D:13     | HP: 4/97 [centaur warrior/arrow (8)]
 11209 | D:13     | Killed a white ugly thing
 11209 | D:13     | Shot with an arrow by a centaur warrior

Skill      XL: |  1  2  3  4  5  6  7  8  9 10 11 |
---------------+----------------------------------+-----
Axes           | 3 4 5 7 11 14 | 14.8
Fighting       | 5 |  5.6
Dodging        | 4 9 |  9.3
Shields        | 9 10 | 10.3
Armour         | |  3.2

Action                   |  1- 3 |  4- 6 |  7- 9 | 10-12 || total
-------------------------+-------+-------+-------+-------++-------
Melee: War axe           |    93 |   177 |   419 |   615 ||  1304
       Mace              |       |       |       |     4 ||     4
 Fire: Blowgun           |       |       |     3 |       ||     3
       Hunting sling     |       |       |       |    28 ||    28
 Abil: Heal Wounds       |       |     4 |     4 |    11 ||    19
Evoke: Wand              |       |     5 |    12 |    14 ||    31
  Use: Scroll            |     1 |     8 |    10 |    16 ||    35
       Potion            |     1 |     6 |     7 |     7 ||    21
 Stab: Sleeping          |       |     1 |       |       ||     1
  Eat: Ration            |       |     2 |     4 |     6 ||    12
       Chunk             |       |       |     2 |     3 ||     5
Armor: Scale mail        |    52 |    72 |   127 |    96 ||   347
       Ring mail         |       |       |       |    53 ||    53
Dodge: Dodged            |    20 |    57 |   217 |   314 ||   608
Block: Shield            |    55 |   109 |   270 |   471 ||   905
